 Dungeon Crawl Stone Soup version 0.31-a0-876-gfe8ebadbca (webtiles) character file.

Game seed: 5126824073083202018

1378 Descartes the Blocker (level 8, -2/62 HPs)
             Began as a Formicid Fighter on Oct 13, 2023.
             Slain by a black bear (5 damage)
             ... on level 6 of the Dungeon.
             The game lasted 00:09:08 (5078 turns).

Descartes the Blocker (Formicid Fighter)            Turns: 5078, Time: 00:09:09

Health: -2/62      AC: 13    Str: 23    XL:     8   Next: 98%
Magic:  8/8        EV:  6    Int:  8    God:
Gold:   275        SH:  6    Dex: 13    Spells: 7/7 levels left

rFire   + . .        v - +2 whip (venom)
rCold   . . .        c - +0 buckler
rNeg    . . .        h - +0 plate armour
rPois   .            (helmet unavailable)
rElec   .            B - scarf {repulsion}
rCorr   .            (no gloves)
SInv    +            (no boots)
Will    .....        (no amulet) Stlth
                     u - ring of protection from fire
HPRegen 0.30/turn    (no ring)
MPRegen 0.11/turn

%: repel missiles
@: mighty
A: permanent stasis, dig shafts and tunnels, antennae 3, four strong arms
a: Dig, Shaft Self


You were on level 6 of the Dungeon.
You visited 1 branch of the dungeon, and saw 6 of its levels.
You also visited: Sewer.

You collected 275 gold pieces.

Inventory:

Hand Weapons
 a - a +0 war axe
 v - a +2 whip of venom (weapon)
Missiles
 e - a curare-tipped dart
 w - 3 poisoned darts
 y - a throwing net
 J - 5 atropa-tipped darts
Armour
 c - a +0 buckler (worn)
 h - a +0 plate armour (worn)
 p - a +0 chain mail
 B - a scarf of repulsion (worn)
Jewellery
 u - a ring of protection from fire (left hand)
 A - a ring of wizardry
 K - an amulet of the acrobat
Wands
 D - a wand of iceblast (7)
 F - a wand of polymorph (4)
Scrolls
 b - a scroll of fog {unknown}
 g - a scroll of brand weapon {unknown}
 i - a scroll of amnesia {unknown}
 j - a scroll of vulnerability {unknown}
 m - a scroll of summoning {unknown}
 n - 3 scrolls of teleportation
 q - 4 scrolls of identify {unknown}
 r - 2 scrolls of enchant weapon {unknown}
 s - a scroll of blinking {unknown}
 E - 2 scrolls of enchant armour {unknown}
 H - a scroll of fear {unknown}
 I - a scroll of noise {unknown}
 M - a scroll of immolation {unknown}
Potions
 d - 2 potions of might
 f - 6 potions of enlightenment
 k - 2 potions of ambrosia {unknown}
 l - 2 potions of invisibility {unknown}
 o - 2 potions of degeneration {unknown}
 t - 2 potions of magic {unknown}
 x - 4 potions of berserk rage {unknown}
 z - a potion of brilliance {unknown}
 C - a potion of mutation {unknown}
 G - a potion of curing {unknown}
 L - a potion of cancellation {unknown}


   Skills:
 - Level 5.0 Fighting
 - Level 3.7(4.7) Axes
 + Level 4.3(5.0) Maces & Flails
 + Level 6.9 Armour
 + Level 8.4 Shields


You had 7 spell levels left.
You didn't know any spells.
Your spell library contained the following spells:

 Spells                   Type           Power      Damage    Failure   Level
 Freeze                   Ice            0%         1d3       100%        1
 Magic Dart               Conj           0%         1d3       100%        1
 Necrotise                Necr           0%         1d4       100%        1
 Call Imp                 Summ           0%         N/A       100%        2
 Frozen Ramparts          Ice            0%         1d1       100%        3
 Hailstorm                Conj/Ice       0%         3d3       100%        3
 Mephitic Cloud           Conj/Pois/Air  0%         N/A       100%        3
 Vampiric Draining        Necr           0%         2d6       100%        3
 Agony                    Necr           0%         N/A       100%        5
 Conjure Ball Lightning   Conj/Air       0%         3x3d6     100%        6
 Malign Gateway           Summ/Tloc      0%         N/A       100%        7
 Discord                  Hex            0%         N/A       100%        8
 Disjunction              Tloc           0%         N/A       100%        8
 Summon Horrible Things   Summ           0%         N/A       100%        8


Dungeon Overview and Level Annotations

Branches:
Dungeon (6/15)              Sewer (visited)
 Temple: D:4-7

Altars:


Innate Abilities, Weirdness & Mutations

You cannot be hasted, slowed, berserked, paralysed or teleported.
You can dig through walls and to a lower floor.
You have a pair of large antennae on your head. (SInv)
Your four strong arms can wield two-handed weapons with a shield.


Message History

The gnoll hits you but does no damage. The gnoll attacks as it pursues you!
The gnoll hits you with a +0 flail!
* * * LOW HITPOINT WARNING * * *
The gnoll attacks as it pursues you! You block the gnoll's attack.
The gnoll attacks as it pursues you! The gnoll hits you but does no damage.
You block the gnoll's attack. x2
The gnoll attacks as it pursues you! The gnoll barely misses you.
The gnoll completely misses you.
You feel very mighty all of a sudden.
The gnoll is no longer moving quickly.
The gnoll hits you but does no damage.
The sky beast flickers out of sight for a moment.
The gnoll hits you but does no damage.
You whack the gnoll!
The gnoll is poisoned.
The gnoll is severely wounded.
The gnoll is no longer moving quickly.
You block the gnoll's attack. The gnoll barely misses you.
You barely miss the gnoll.
The gnoll is almost dead.
You kill the gnoll!
The gnoll barely misses you.
The black bear goes berserk!
You hit the gnoll.
The gnoll is poisoned.
The gnoll is heavily wounded.
The gnoll is no longer moving quickly.
The gnoll hits you from afar with a +0 spear.
* * * LOW HITPOINT WARNING * * *
The gnoll hits you but does no damage.
You closely miss the gnoll.
The gnoll is severely wounded.
The gnoll hits you from afar with a +0 spear.
* * * LOW HITPOINT WARNING * * *
The gnoll bouda barks out a call to the hunt!
The gnolls pick up the pace!
You block the gnoll's attack.
You kill the gnoll!
Your attacks no longer feel as feeble.
The black bear rages.
There is an open door here.
The black bear attacks as it pursues you!
You block the black bear's attack. The black bear claws you.
You die...

#....#...#############.
#....'.................
#....###...........####
#.######...........#
#.##...............####
#.#......................
#....................####
...........(.............
#####.##@###########.#..#
#.##h###########<##.#
#.........##........# .≈≈
#.........##.#####..# #$≈≈.#
#####.........##.#...#..#
..≈≈.. ..##Y##.#######.#.#.....
##≈≈.. #.##§##.#######.#.#.#..#
#≈≈..###.##g##......)......#..#
#≈≈.......g{{.................#


You could see a black bear (berserk, poisoned) and a sky beast.

Vanquished Creatures
  A shadow (D:6)
  Duvessa (D:4)
  5 ogres
  A phantom (D:3)
  A kobold brigand (Sewer)
  Dowan (D:4)
  3 hounds
  2 jellies (D:5)
  2 orc priests
  An iguana (D:6)
  Jessica (D:3)
  An orc wizard (D:5)
  2 gnolls (D:6)
  6 adders
  6 worms
  A dart slug (D:1)
  18 orcs
  6 bats
  6 endoplasms
  5 giant cockroaches
  9 hobgoblins
  11 jackals
  2 quokkas
  8 ball pythons
  5 frilled lizards
  7 goblins
  12 kobolds
  14 rats
138 creatures vanquished.

Notes
Turn   | Place    | Note
-------+----------+-------------------------------------------
     0 | D:1      | Descartes the Formicid Fighter began the quest for the Orb.
     0 | D:1      | Reached XP level 1. HP: 18/18 MP: 1/1
   128 | D:1      | Reached XP level 2. HP: 23/24 MP: 2/2
   350 | D:1      | Reached XP level 3. HP: 26/29 MP: 3/3
   585 | D:1      | Found a faded altar of an unknown god.
   868 | D:2      | Reached XP level 4. HP: 32/37 MP: 4/4
  1290 | D:3      | Noticed a phantom
  1300 | D:3      | Killed a phantom
  1301 | D:3      | Reached skill level 5 in Shields
  1301 | D:3      | Reached XP level 5. HP: 39/42 MP: 5/5
  1462 | D:4      | Noticed an ogre
  1470 | D:4      | Killed an ogre
  1471 | D:4      | Reached XP level 6. HP: 12/49 MP: 6/6
  1539 | D:4      | Found a glowing drain.
  1544 | Sewer    | Entered a sewer
  1751 | Sewer    | Found a white marble altar of Elyvilon.
  1871 | D:4      | Reached XP level 7. HP: 55/55 MP: 7/7
  1889 | D:4      | Reached skill level 6 in Shields
  2009 | D:4      | Reached skill level 5 in Fighting
  2091 | D:4      | Noticed Duvessa
  2091 | D:4      | Noticed Dowan
  2101 | D:4      | Killed Duvessa
  2102 | D:4      | Reached skill level 1 in Maces & Flails
  2102 | D:4      | Reached skill level 5 in Armour
  2117 | D:4      | Killed Dowan
  2387 | D:4      | Identified the +0 helmet of Mysticism {rPois Str-2 Dex+4}
  3183 | D:3      | Noticed Jessica
  3197 | D:3      | Killed Jessica
  3377 | D:5      | Entered Level 5 of the Dungeon
  3500 | D:5      | Reached XP level 8. HP: 55/62 MP: 8/8
  3672 | D:5      | Reached skill level 7 in Shields
  3802 | D:5      | HP: 2/62 [ogre/+0 giant club (8)]
  4675 | D:5      | Reached skill level 8 in Shields
  4900 | D:6      | Noticed a shadow
  4922 | D:6      | Killed a shadow
  5072 | D:6      | HP: 1/62 [gnoll/+0 spear[a gnoll bouda] (4)]
  5078 | D:6      | Slain by a black bear

Illustrated notes

Levels and vault maps discovered:
D:1:      ncdulo_halloftheorcs, layout_basic, dilly_ecumenical_altar_fadedgnrine
D:2:      layout_basic
D:3:      layout_basic, uniq_jessica
D:4:      layout_cave_pools, lightli_sewer_entry_pipes, uniq_duvessa
D:5:      layout_basic
D:6:      layout_basic, gammafunk_ghost_gnarly_gnolls, uniq_eustachio

Skill      XL: |  1  2  3  4  5  6  7  8 |
---------------+-------------------------+-----
Fighting       | 4 5 |  5.0
Axes           | 3 |  3.7
Armour         | 4 5 6 |  6.9
Shields        | 5 6 8 |  8.4
Maces & Flails | 2 4 |  4.3

Action                     |  1- 3 |  4- 6 |  7- 9 || total
---------------------------+-------+-------+-------++-------
  Melee: War axe           |    85 |   116 |    38 ||   239
         Whip              |       |       |   239 ||   239
    Use: Potion            |       |     1 |     4 ||     5
         Scroll            |       |     2 |       ||     2
 Armour: Scale mail        |    63 |     2 |       ||    65
         Chain mail        |       |    79 |   112 ||   191
         Plate armour      |       |       |    63 ||    63
         Skin              |       |       |     3 ||     3
  Dodge: Dodged            |    33 |    43 |    69 ||   145
  Block: Buckler           |    19 |    28 |    77 ||   124

Table legend: (Time is in decaauts)
 A = Elapsed time spent in this place.
 B = Non-inter-level travel time spent in this place.
 C = Inter-level travel time spent in this place.
 D = Time resting spent in this place.
 E = Time spent auto-exploring this place.
 F = Levels seen in this place.
 G = Mean time per level.
                   A        B        C        D        E       F      G
               +--------+--------+--------+--------+--------+-----+--------+
         Total |   5215 |   5039 |    176 |      0 |   3872 |   7 |  745.0 |
       Dungeon |   4858 |   4682 |    176 |      0 |   3637 |   6 |  809.7 |
         Sewer |    357 |    357 |      0 |      0 |    235 |   1 |  357.0 |
               +--------+--------+--------+--------+--------+-----+--------+

Top non-repeatable levels by time:
     D:5: 1362 daAuts
     D:4: 964 daAuts
     D:3: 905 daAuts
     D:1: 651 daAuts
     D:2: 648 daAuts
   Sewer: 357 daAuts
     D:6: 327 daAuts
